Map: Terrazze Prion

Players

edgar

  • Race: Terran Terran
  • League: Bronze

Jhyrachy - Winner!

  • Race: Zerg Zerg
  • League: Gold

VOD

Have the link to the VOD?

Description

Time

  • Played on: April 9, 2016, 4:43 p.m.
  • Length: 16:14
Show
View Real Time Build Order
Export as new Build Order

edgar Terran 

Build Orders:  

Get SALT Encoding   

  12  0:01  SCV  
  13  0:13  SCV  
  14  0:24  Supply Depot  
  14  0:48  Barracks  
  14  0:55  Refinery  
  14  1:04  Supply Depot  
  14  1:35  Marine  
  15  1:53  Marine  
  16  1:58  Command Center  
  16  2:11  Marine  
  17  2:23  Factory  
  17  2:25  Refinery  
  17  2:29  Marine  
  18  2:47  Marine  
  19  3:03  Orbital Command  
  19  3:04  Marine  
  21  3:12  SCV  
  21  3:22  Marine  
  21  3:25  SCV, Factory Tech Lab  
  23  3:40  Marine  
  24  3:43  Starport, SCV  
  25  3:56  Siege Tank  
  25  3:58  Marine  
  25  4:02  SCV  
  30  4:07  SCV  
  31  4:14  SCV  
  31  4:16  Marine  
  33  4:21  Starport Tech Lab  
  33  4:27  Orbital Command  
  33  4:28  Hellion  
  35  4:33  Marine  
  36  4:45  Medivac  
  38  4:51  Marine  
  39  4:59  SCV  
  40  5:03  Refinery  
  40  5:09  Marine  
  40  5:11  Siege Tank, SCV  
  45  5:22  Supply Depot  
  45  5:23  SCV  
  46  5:39  Supply Depot  
  46  5:44  Marine, SCV, Medivac  
  50  5:54  Armory  
  50  5:56  SCV  
  51  6:01  Fusion Core, Marine  
  52  6:08  SCV  
  53  6:12  Refinery  
  53  6:17  Supply Depot  
  53  6:19  Marine  
  53  6:20  SCV  
  55  6:29  Cloaking Field  
  55  6:32  Banshee, SCV  
  56  6:37  Marine  
  60  6:44  SCV  
  61  6:55  Marine  
  61  6:56  SCV  
  63  7:04  Command Center  
  63  7:15  Banshee  
  66  7:30  Supply Depot  
  66  7:32  Supply Depot  
  66  7:46  Marine  
  67  7:52  Thor  
  78  7:58  Battlecruiser  
  78  8:04  Marine  
  79  8:22  Marine  
  80  8:34  Thor  
  86  8:56  Command Center  
  86  9:02  Supply Depot  
  86  9:04  Marine  
  86  9:23  Battlecruiser  
  92  9:31  Supply Depot  
  92  9:53  Siege Tank  
  92  10:25  Thor  
  92  10:28  Battlecruiser  
  101  11:32  Battlecruiser, Thor, Supply Depot  
  101  12:15  Siege Tank  
  104  12:23  SCV  
  105  12:35  SCV  
  105  12:36  Battlecruiser  
  112  12:43  Supply Depot  
  112  12:47  SCV  
  113  12:59  SCV  
  113  13:04  Supply Depot  
  114  13:19  Refinery  
  114  13:20  SCV  
  115  13:32  SCV  
  116  13:35  Refinery  
  116  13:40  Battlecruiser  
  122  13:44  SCV  
  123  13:55  Starport  
  123  13:56  Supply Depot, SCV  
  123  13:59  Behemoth Reactor  
  124  14:45  Battlecruiser  
  130  14:49  Command Center  
  130  14:57  Starport Tech Lab  
  130  15:06  Supply Depot  
  130  15:07  Supply Depot  
Show
View Real Time Build Order
Export as new Build Order

Jhyrachy Zerg - Winner!

Build Orders: Hatch First 

Get SALT Encoding   

  12  0:08  Drone x2  
  14  0:17  Overlord  
  14  0:38  Drone x2  
  16  0:45  Drone  
  17  0:56  Hatchery  
  16  0:57  Drone  
  17  1:10  Extractor, Drone  
  17  1:17  Spawning Pool  
  16  1:18  Drone  
  17  1:29  Drone  
  18  1:36  Drone  
  19  1:46  Drone  
  20  1:59  Drone  
  21  2:07  Overlord, Queen  
  23  2:10  Spine Crawler  
  23  2:16  Queen  
  23  2:18  Drone  
  26  2:30  Drone  
  26  2:31  Drone x3  
  30  2:40  Drone  
  30  2:43  Queen  
  33  2:45  Drone  
  33  2:50  Overlord  
  34  3:07  Roach Warren  
  33  3:13  Zergling x2  
  33  3:19  Drone x3  
  37  3:20  Overlord  
  37  3:52  Roach  
  37  3:53  Roach x6  
  51  3:59  Drone, Overlord  
  52  4:04  Hatchery  
  51  4:30  Roach x2  
  51  4:31  Roach x2  
  59  4:32  Overlord  
  59  4:33  Overlord  
  59  4:50  Queen  
  61  4:54  Extractor  
  61  4:55  Extractor  
  59  5:01  Extractor, Roach  
  59  5:02  Roach x8  
  59  5:03  Overlord x2  
  75  5:17  Ravager  
  76  5:47  Overlord x3  
  76  5:48  Overlord  
  76  5:52  Drone x3  
  76  5:54  Drone x3  
  76  5:55  Drone x2  
  84  5:59  Drone x3  
  84  6:00  Overlord  
  84  6:01  Overlord  
  84  6:02  Overlord  
  87  6:06  Lair  
  87  6:13  Drone  
  88  6:28  Drone x2  
  88  6:29  Hatchery  
  89  6:33  Ravager x3  
  92  6:55  Queen  
  96  7:01  Roach  
  96  7:02  Roach x10  
  116  7:09  Evolution Chamber  
  116  7:13  Evolution Chamber  
  114  7:36  Zerg Missile Weapons Level 1  
  114  7:40  Zerg Ground Armor Level 1  
  114  8:14  Roach  
  114  8:15  Roach x14  
  144  8:23  Queen  
  146  8:27  Queen  
  146  8:28  Queen  
  146  8:29  Queen  
  152  9:15  Hydralisk Den  
  152  9:16  Pneumatized Carapace  
  151  9:18  Overseer  
  151  9:19  Overseer x3  
  151  9:23  Ravager  
  152  9:24  Overlord  
  152  9:25  Overlord x3  
  152  9:37  Spore Crawler  
  151  9:59  Overseer x3  
  151  10:02  Spore Crawler  
  151  10:06  Queen  
  150  10:22  Hydralisk x7  
  150  10:23  Hydralisk x10  
  184  10:54  Muscular Augments  
  184  10:55  Zerg Missile Weapons Level 2  
  184  11:01  Zerg Ground Armor Level 2  
  184  11:20  Spire  
  183  11:33  Extractor  
  183  11:36  Extractor  
  177  12:09  Drone x6  
  177  12:10  Drone, Overlord  
  177  12:11  Overlord x4  
  177  12:14  Lurker Den  
  184  12:50  Extractor  
  183  12:57  Extractor  
  182  13:01  Drone x3  
  182  13:02  Drone x3  
  188  13:18  Hatchery  
  187  13:49  Zerg Flyer Weapons Level 1  
  187  13:50  Corruptor x3  
  187  13:51  Corruptor x3  
Tags
 
Add a new tag
Caveats
  • Supply blocks, unpowered buildings, or Contaminate may cause inaccurate times.
  • Supply counts are checked every 10 seconds.